 Dungeon Crawl Stone Soup version 0.30-a0-170-g85af917532 (webtiles) character file.

Game seed: 9940090347207180859

55378 Sobieck the Spry (level 15, -7/96 HPs)
             Began as a Kobold Gladiator on Sept 30, 2022.
             Was the Champion of Uskayaw.
             Mangled by an orc warrior
             ... wielding a +0 battleaxe
              (20 damage)
             ... on level 13 of the Dungeon.
             The game lasted 00:54:32 (24779 turns).

Sobieck the Spry (Kobold Gladiator)                Turns: 24779, Time: 00:54:32

Health: -7/96      AC: 11    Str: 11    XL:     15   Next: 17%
Magic:  22/22      EV: 35    Int: 11    God:    Uskayaw [******]
Gold:   806        SH: 13    Dex: 29    Spells: 14/14 levels left

rFire   . . .      SeeInvis +    a - +3 rapier {short}
rCold   . . .      Faith    .    U - +0 buckler
rNeg    . . .      Spirit   .    f - +3 leather armour {Will+}
rPois   .          Reflect  +    c - +1 hat {SInv}
rElec   .          Harm     .    Y - +1 cloak
rCorr   .          Rampage  .    N - +0 pair of gloves
Will    ++...                    (no boots)
Stlth   +++++++...               u - amulet of reflection
HPRegen 0.26/turn                k - +4 ring of evasion
MPRegen 0.18/turn                G - +6 ring of dexterity

@: hasted, very quick
A: small, no large weapons, nightstalker 3
a: Renounce Religion, Stomp, Line Pass, Grand Finale


You were on level 13 of the Dungeon.
You worshipped Uskayaw.
Uskayaw was aware of your devotion.
You visited 3 branches of the dungeon, and saw 19 of its levels.

You collected 1150 gold pieces.
You spent 344 gold pieces at shops.


Innate Abilities, Weirdness & Mutations

You are small and have problems with some larger weapons.
You are completely attuned to the shadows.


   Skills:
 + Level 11.8 Fighting
 - Level 14.0 Short Blades
 - Level 2.1 Throwing
 - Level 5.0 Armour
 + Level 15.5 Dodging
 - Level 14.0 Stealth
 - Level 5.0 Shields
 * Level 10.6 Invocations
 - Level 5.0 Evocations


You had 14 spell levels left.
You didn't know any spells.
Your spell library contained the following spells:

 Spells                   Type           Power      Damage    Failure   Level
 Apportation              Tloc           0%         N/A       54%         1
 Sandblast                Erth           0%         2d4       54%         1
 Blink                    Tloc           0%         N/A       69%         2
 Ensorcelled Hibernation  Hex/Ice        0%         N/A       69%         2
 Momentum Strike          Conj/Tloc      0%         3d8       69%         2
 Passwall                 Tmut/Erth      0%         N/A       69%         2
 Static Discharge         Conj/Air       0%         2-2/arc   69%         2
 Gell's Gravitas          Tloc           0%         N/A       89%         3
 Hailstorm                Conj/Ice       0%         3d3       89%         3
 Lesser Beckoning         Tloc           0%         N/A       89%         3
 Spider Form              Tmut/Pois      0%         N/A       89%         3
 Stone Arrow              Conj/Erth      0%         3d7       89%         3
 Teleport Other           Tloc           0%         N/A       89%         3
 Anguish                  Hex/Necr       0%         N/A       100%        4
 Animate Dead             Necr           0%         N/A       100%        4
 Alistair's Intoxication  Tmut/Pois      0%         N/A       100%        5
 Arcjolt                  Conj/Air       0%         1d10      100%        5
 Lightning Bolt           Conj/Air       0%         1d11      100%        5
 Summon Forest            Summ/Tloc      0%         N/A       100%        5
 Summon Mana Viper        Hex/Summ       0%         N/A       100%        5
 Dispersal                Tloc           0%         N/A       100%        6
 Summon Cactus Giant      Summ           0%         N/A       100%        6
 Haunt                    Necr/Summ      0%         N/A       100%        7
 Borgnjor's Revivificati  Necr           0%         N/A       100%        8
 Infestation              Necr           0%         N/A       100%        8
 Maxwell's Capacitive Co  Air            0%         ∞         100%        8
 Necromutation            Tmut/Necr      0%         N/A       100%        8
 Death's Door             Necr           0%         N/A       100%        9

Inventory:

Hand Weapons
 a - a +3 rapier (weapon) {short}
 b - a +1 quick blade of freezing {shortrare=g}
   (You acquired it on level 12 of the Dungeon)
 j - a +1 rapier of venom {short}
   (You found it on level 11 of the Dungeon)
Missiles
 d - 3 throwing nets {=f!fthrowing}
 e - 7 boomerangs {throwing}
 D - 27 poisoned darts {throwing}
 Q - 3 curare-tipped darts (quivered) {=fthrowing}
Armour
 c - a +1 hat of see invisible (worn)
   (You took it off Gastronok on level 3 of the Lair of Beasts)
 f - a +3 leather armour of willpower (worn)
   (You took it off an orc on level 7 of the Dungeon)
 E - a +2 kite shield
   (You took it off a gnoll sergeant on level 11 of the Dungeon)
 L - an orb of wrath
   (You found it on level 10 of the Dungeon)
 N - a +0 pair of gloves (worn)
   (You found it on level 4 of the Lair of Beasts)
 R - an orb of energy
   (You took it off a gnoll on level 11 of the Dungeon)
 U - a +0 buckler (worn)
   (You found it on level 2 of the Lair of Beasts)
 Y - a +1 cloak (worn)
   (You found it on level 5 of the Dungeon)
Magical Staves
 X - a staff of cold {!astaff}
   (You took it off Fannar on level 2 of the Lair of Beasts)
Jewellery
 k - a +4 ring of evasion (left hand)
   (You found it on level 1 of the Dungeon)
 q - a +4 ring of protection
   (You bought it in a shop on level 1 of the Dungeon)
 u - an amulet of reflection (around neck)
   (You found it on level 7 of the Dungeon)
 x - a ring of wizardry
   (You found it on level 6 of the Dungeon)
 G - a +6 ring of dexterity (right hand)
   (You found it on level 8 of the Dungeon)
 P - a ring of protection from fire
   (You found it on level 11 of the Dungeon)
 Z - a ring of protection from cold
   (You found it on level 1 of the Lair of Beasts)
Wands
 r - a wand of roots (12)
   (You found it on level 7 of the Dungeon)
 J - a wand of polymorph (6)
   (You found it on level 8 of the Dungeon)
 S - a wand of flame (28)
   (You found it on level 3 of the Lair of Beasts)
 V - a wand of mindburst (36)
   (You took it off Maurice on level 10 of the Dungeon)
Scrolls
 l - 4 scrolls of identify {@r1}
 n - a scroll of blinking {!r}
 y - 2 scrolls of vulnerability {!r!r}
 z - 5 scrolls of poison {!r}
 A - a scroll of torment {!r}
 F - a scroll of fog
 H - 8 scrolls of teleportation {@r4}
 M - a scroll of fear
 O - a scroll of immolation {!r!r}
 T - 3 scrolls of magic mapping {!r}
Potions
 g - a potion of brilliance
 h - 3 potions of cancellation
 i - 2 potions of might
 m - 4 potions of attraction {!q}
 o - 2 potions of resistance
 p - 5 potions of lignification {!q}
 s - a potion of ambrosia
 t - 8 potions of curing {@q1}
 B - 4 potions of magic
 C - 2 potions of flight
 K - a potion of haste {@q3}
 W - 2 potions of mutation {!q}
Miscellaneous
 I - a box of beasts
   (You found it on level 13 of the Dungeon)

Dungeon Overview and Level Annotations

Branches:
Dungeon (13/15) Zot: 26359  Temple (1/1) D:4 Zot: 5979    Lair (5/5) D:8 Zot: 22928
 Shoals (0/4) Lair:3       Spider (0/4) Lair:3        Slime (0/5) Lair:5
    Orc (0/2) D:9
 Vaults: D:13-14

Altars:
Ashenzari
Cheibriados
Dithmenos
Elyvilon
Fedhas
Gozag
Hepliaklqana
Kikubaaqudgha
Makhleb
Nemelex Xobeh
Okawaru
Qazlal
Ru
Sif Muna
Trog
Uskayaw
Vehumet
Wu Jian
Xom
Yredelemnul
Zin
The Shining One
Jiyva

Shops:
D:1 *   D:4 !   D:5 :

Annotations:
D:9 3 runed translucent doors, porpoise's ghost, novice DsGl
Lair:5 2 transporters, 1 runed translucent door, not cleared, Valamore's ghost, journeyman TeAE

#.# #.## #..####
##..).# ####)#
#..# #####)#
#))# .....)###
#oo### ........#
##oo...
........####)@e#
..........)))###
y..^....######
.......# .....#
######


You could see a deep elf zephyrmancer, 3 orc warriors and an orc.


Message History

The deep elf pyromancer blinks!
Items here: ))) [ †.
Unknown command.
You hit the orc wizard.
Unknown command.
You puncture the orc warrior! You block the orc warrior's attack.
You block the orc wizard's attack.
Unknown command.
You hit the orc warrior but do no damage.
You barely miss the orc warrior. You block the orc warrior's attack.
The orc wizard completely misses you.
The deep elf zephyrmancer points at you and mumbles some strange words.
The bolt of lightning hits the orc wizard!!
The orc wizard dies!
The bolt of lightning misses you.
Unknown command.
You closely miss the orc warrior. You block the orc warrior's attack.
The deep elf zephyrmancer gestures at you while chanting.
The bolt of lightning misses you.
Unknown command.
You hit the orc warrior.
Unknown command.
You closely miss the orc warrior. You block the orc warrior's attack.
The deep elf zephyrmancer gestures at you while chanting.
The bolt of lightning hits you!
* * * LOW HITPOINT WARNING * * *
Uskayaw links your audience in an emotional bond!
Unknown command.
You puncture the orc warrior!
You kill the orc warrior!
Unknown command.
An orc comes into view. It is wielding a +0 flail.
The deep elf pyromancer gestures at you while chanting.
The sticky flame misses you.
You block the deep elf zephyrmancer's attack.
Items here: ))) [ †.
The deep elf zephyrmancer hits you with a +2 dagger of protection.
* * * LOW HITPOINT WARNING * * *
The deep elf pyromancer completely misses you.
The deep elf zephyrmancer mumbles some strange words.
The deep elf zephyrmancer blinks!
Unknown command.
Unknown command.
You puncture the deep elf zephyrmancer!
The deep elf zephyrmancer mumbles some strange words.
The deep elf zephyrmancer blinks!
The deep elf pyromancer gestures wildly while chanting.
An orc warrior comes into view. It is wielding a +0 battleaxe.
Unknown command.
You hit the deep elf pyromancer.
Unknown command.
You barely miss the deep elf pyromancer.
The deep elf pyromancer barely misses you.
Unknown command.
You puncture the deep elf pyromancer! The fire elemental misses you.
Unknown command.
You miss the deep elf zephyrmancer.
The deep elf zephyrmancer is no longer sharing its pain.
You block the deep elf pyromancer's attack.
Unknown command.
You puncture the deep elf zephyrmancer! The fire elemental barely misses you.
You block the deep elf pyromancer's attack.
You block the deep elf zephyrmancer's attack.
Unknown command.
You closely miss the deep elf zephyrmancer.
The deep elf zephyrmancer is no longer sharing its pain.
The fire elemental completely misses you.
You hit the deep elf zephyrmancer.
The deep elf pyromancer is no longer sharing its pain.
The deep elf pyromancer completely misses you.
You block the deep elf zephyrmancer's attack.
An orc warrior comes into view. It is wielding a +0 battleaxe.
The fire elemental completely misses you.
Unknown command.
You puncture the deep elf zephyrmancer!
You kill the deep elf zephyrmancer!
Unknown command.
You hit the deep elf pyromancer. You block the fire elemental's attack.
The deep elf pyromancer gestures at you while chanting.
The sticky flame misses you.
An orc warrior comes into view. It is wielding a +0 scimitar.
You closely miss the deep elf pyromancer.
The fire elemental misses you.
Unknown command.
You puncture the deep elf pyromancer!
You kill the deep elf pyromancer!
The fire elemental disappears in a puff of smoke!
You closely miss the orc warrior. The deep elf zephyrmancer misses you.
You block the orc warrior's attack.
Unknown command.
You hit the deep elf zephyrmancer.
You closely miss the deep elf zephyrmancer.
The deep elf zephyrmancer points at you and mumbles some strange words.
The bolt of lightning hits you!!
* * * LOW HITPOINT WARNING * * *
The orc warrior completely misses you.
Unknown command.
You feel yourself speed up.
The orc warrior hits you with a +0 battleaxe!!
You die...

Skill      XL: |  1  2  3  4  5  6  7  8  9 10 11 12 13 14 |
---------------+-------------------------------------------+-----
Stealth        | 2 3 4 5 6 7 9 10 11 13 14 | 14.0
Short Blades   | 5 6 7 8 10 11 14 | 14.0
Dodging        | 4 5 8 9 11 12 14 15 | 15.5
Armour         | 1 3 5 |  5.0
Fighting       | 3 4 5 6 8 10 11 | 11.8
Invocations    | 2 5 6 10 | 10.6
Evocations     | 2 3 5 |  5.0
Shields        | 3 5 |  5.0
Throwing       | |  2.1

Action                   |  1- 3 |  4- 6 |  7- 9 | 10-12 | 13-15 || total
-------------------------+-------+-------+-------+-------+-------++-------
Melee: Rapier            |    61 |   166 |   284 |   514 |   837 ||  1862
       Punch             |       |     2 |     2 |     5 |       ||     9
       Quick blade       |       |       |       |       |    68 ||    68
Throw: Dart              |       |       |       |     1 |       ||     1
Invok: Line Pass         |       |       |     5 |     5 |    16 ||    26
       Stomp             |       |       |     1 |     4 |    17 ||    22
  Use: Scroll            |       |    12 |     8 |    11 |     6 ||    37
       Potion            |       |     3 |     2 |     5 |     7 ||    17
 Stab: Sleeping          |    12 |    15 |    21 |    50 |    37 ||   135
       Distracted        |       |     1 |     1 |     3 |       ||     5
       Confused          |       |       |     3 |     1 |    13 ||    17
       Paralysed         |       |       |     4 |    31 |    41 ||    76
       Invisible         |       |       |       |       |     1 ||     1
Armor: Leather armour    |    13 |    21 |    35 |    35 |    59 ||   163
Dodge: Dodged            |    68 |   161 |   201 |   293 |   581 ||  1304
Block: Other             |       |       |       |    48 |       ||    48
       Buckler           |       |       |       |    54 |   440 ||   494
       Reflection        |       |       |       |       |     4 ||     4

Levels and vault maps discovered:
D:1:      nzn_arrival_water_spiral, layout_loops_corners,
          ebering_ecumenical_altar_box, serial_shops, shop, minmay_crystal_room,
          minmay_tall_x
D:2:      layout_loops_corners, nrook_campfire, minmay_worlds_worst_comb,
          uniq_jessica
D:3:      layout_rooms, serial_corexii_hall, corexii_hall_statues_t,
          corexii_hall_statues_u
D:4:      layout_basic, beargit_hepliaklqana_dungeon_heroes, kennysheep_mini,
          lightli_temple_of_fire, minmay_temple_entry_wispy, serial_shops, shop,
          chequers_serial_rivers_micro_c
D:5:      layout_layer_cave, old_standard_altar, tgw_trog, serial_shops,
          nicolae_shop_crystal, hex_medium, nicolae_eternal_life, uniq_pikel,
          uniq_grinder
D:6:      layout_basic, nicolae_overflow_crystal_walls,
          nicolae_figureground_sparkle
D:7:      layout_basic, nicolae_overflow_two_pavilions
D:8:      layout_loops_cross, lair_entry_dummy,
          nicolae_concentric_dashed_squares_mild
D:9:      layout_loops_corners, overflow_temple_1_default, grunt_qazlal_clouds,
          david_orc_2, ebering_ghost_rock_garden, dk_noncrumbling_4, uniq_grum,
          uniq_psyche
D:10:     layout_gridville, lemuel_doored_altar, nicolae_tso_carved_into_rock,
          nicolae_wu_jian_wuxing_cycle, hangedman_decor_push, uniq_maurice
D:11:     layout_rooms
D:12:     layout_loops_ring
D:13:     layout_roguey [special_room_orc],
          hangedman_vaults_entry_quadrant_bands, portal_ice_cave_rime,
          uniq_kirke
Temple:   hellmonk_temple_rainy
Lair:1:   layout_loops_ring
Lair:2:   layout_loops_ring, uniq_sonja, uniq_fannar
Lair:3:   layout_roguey, minmay_shoals_entry_lonely_mermaid,
          nicolae_spider_entry_non_spiders, grunt_megastairs_4,
          lemuel_fruit_tree, uniq_gastronok, uniq_nergalle
Lair:4:   layout_hall_layers
Lair:5:   cheibrodos_lair_end_hotspot, layout_regular_city, slime_entry_2,
          gammafunk_ghost_berserking_beasts, serial_bayou_pond_a,
          chequers_serial_rivers_large_b

Notes
Turn   | Place    | Note
-------+----------+-------------------------------------------
     0 | D:1      | Sobieck the Kobold Gladiator began the quest for the Orb.
     0 | D:1      | Reached XP level 1. HP: 12/12 MP: 1/1
    83 | D:1      | Reached skill level 1 in Stealth
   205 | D:1      | Reached skill level 2 in Stealth
   212 | D:1      | Reached XP level 2. HP: 17/17 MP: 2/2
   302 | D:1      | Found Tiohuh's Assorted Antiques.
   307 | D:1      | Bought a murky puce potion for 27 gold pieces
   310 | D:1      | Found a faded altar of an unknown god.
   462 | D:1      | You pick up a book of Spatial Translocations and begin
                  | reading...
   462 | D:1      | You add the spells Blink, Momentum Strike and Lesser
                  | Beckoning to your library.
   481 | D:1      | Reached skill level 3 in Stealth
  1130 | D:1      | Reached XP level 3. HP: 21/21 MP: 3/3
  1272 | D:2      | Reached skill level 4 in Stealth
  1462 | D:2      | Reached XP level 4. HP: 9/26 MP: 4/4
  1474 | D:2      | Reached skill level 5 in Stealth
  1999 | D:2      | Noticed Jessica
  2002 | D:2      | Killed Jessica
  2003 | D:2      | Reached skill level 5 in Short Blades
  2003 | D:2      | Reached XP level 5. HP: 30/30 MP: 5/5
  2850 | D:3      | Reached skill level 6 in Short Blades
  3057 | D:3      | You pick up a book of Dreams and begin reading...
  3057 | D:3      | You add the spells Ensorcelled Hibernation, Spider Form and
                  | Anguish to your library.
  3678 | D:4      | Found an opulent altar of Gozag.
  3693 | D:4      | Reached XP level 6. HP: 32/35 MP: 6/6
  3892 | D:4      | Found a staircase to the Ecumenical Temple.
  3913 | D:4      | Reached skill level 7 in Short Blades
  4014 | D:4      | HP: 9/36 [gnoll/+0 halberd (1)]
  4044 | D:4      | HP: 8/36 [orc priest/divine providence (8)]
  4049 | D:4      | HP: 5/36 [orc priest/+0 flail (3)]
  4051 | D:4      | Reached skill level 4 in Dodging
  4052 | D:4      | Reached XP level 7. HP: 6/40 MP: 7/7
  4344 | Temple   | Entered the Ecumenical Temple
  4354 | Temple   | Became a worshipper of Uskayaw the Reveller
  4463 | D:4      | Found Biarror's Distillery.
  4473 | D:4      | Bought a potion of haste for 100 gold pieces
  4516 | D:4      | Reached * piety under Uskayaw
  4517 | D:4      | Reached skill level 1 in Armour
  4584 | D:4      | Reached ** piety under Uskayaw
  4657 | D:4      | Noticed Blork the orc
  4684 | D:4      | Reached skill level 3 in Fighting
  4684 | D:4      | Reached skill level 8 in Short Blades
  4721 | D:4      | Found a hazy altar of Hepliaklqana.
  4726 | D:4      | Found a faded altar of an unknown god.
  4729 | D:4      | Killed Blork the orc
  4807 | D:4      | Found a burning altar of Makhleb.
  4855 | D:4      | Reached skill level 6 in Stealth
  5118 | D:5      | Entered Level 5 of the Dungeon
  5118 | D:5      | Noticed Pikel
  5181 | D:5      | Found an iron altar of Okawaru.
  5298 | D:1      | Bought a scroll labelled ZAIFFY ULANK for 31 gold pieces
  5298 | D:1      | Bought a scroll labelled WAAF EXOEHIAM for 31 gold pieces
  5623 | D:5      | Reached XP level 8. HP: 46/46 MP: 8/8
  5627 | D:5      | Found Wocvoxki's Book Boutique.
  5671 | D:5      | HP: 5/46 [ice beast (11)]
  5945 | D:5      | Reached skill level 9 in Short Blades
  5945 | D:5      | Reached skill level 5 in Dodging
  6009 | D:5      | You pick up a book of Displacement and begin reading...
  6009 | D:5      | You add the spells Gell's Gravitas and Teleport Other to
                  | your library.
  6027 | D:5      | Reached skill level 4 in Fighting
  6046 | D:5      | Noticed a moth of wrath
  6049 | D:5      | Found a bloodstained altar of Trog.
  6236 | D:5      | Reached *** piety under Uskayaw
  6571 | D:5      | Reached skill level 7 in Stealth
  6571 | D:5      | Reached skill level 1 in Invocations
  6730 | D:5      | Reached skill level 2 in Invocations
  7242 | D:5      | Noticed Grinder
  7246 | D:5      | Killed Grinder
  7247 | D:5      | Reached skill level 10 in Short Blades
  7247 | D:5      | Reached XP level 9. HP: 52/52 MP: 9/11
  7374 | D:5      | Killed Pikel
  7375 | D:5      | Reached skill level 5 in Fighting
  7375 | D:5      | Reached skill level 6 in Dodging
  7375 | D:5      | Reached skill level 8 in Stealth
  7375 | D:5      | Reached skill level 4 in Invocations
  8156 | D:6      | Found a shimmering blue altar of Sif Muna.
  8323 | D:1      | Bought a moonstone ring for 155 gold pieces
  8645 | D:6      | Reached skill level 5 in Invocations
  8687 | D:6      | Reached skill level 7 in Dodging
  8938 | D:5      | Reached skill level 9 in Stealth
  8949 | D:6      | Reached **** piety under Uskayaw
  8963 | D:6      | Reached ***** piety under Uskayaw
  9397 | D:7      | Reached skill level 8 in Dodging
  9424 | D:7      | Reached XP level 10. HP: 59/59 MP: 13/13
  9879 | D:7      | Reached skill level 2 in Armour
 10001 | D:7      | Found a snail-covered altar of Cheibriados.
 10001 | D:7      | Found a sparkling altar of Nemelex Xobeh.
 10763 | D:8      | Found a staircase to the Lair.
 10857 | D:8      | Reached skill level 6 in Fighting
 10941 | D:8      | Reached skill level 10 in Stealth
 11048 | D:9      | Found a white marble altar of Elyvilon.
 11178 | D:9      | Found a staircase to the Orcish Mines.
 11198 | D:9      | Noticed Psyche
 11200 | D:9      | Reached skill level 9 in Dodging
 11218 | D:9      | Killed Psyche
 11219 | D:9      | Reached skill level 11 in Short Blades
 11219 | D:9      | Reached skill level 3 in Armour
 11502 | D:9      | You fall into a shaft and drop 2 floors!
 11543 | D:11     | Noticed a two-headed ogre
 11550 | D:11     | Noticed a manticore
 11551 | D:10     | Entered Level 10 of the Dungeon
 11552 | D:10     | Found a blossoming altar of Fedhas.
 11583 | D:10     | Found an ornate altar of the Wu Jian Council.
 11644 | D:10     | Noticed a cyan ugly thing
 11659 | D:10     | Killed a cyan ugly thing
 11660 | D:10     | Reached XP level 11. HP: 64/64 MP: 9/14
 11712 | D:10     | Noticed Maurice
 11716 | D:10     | Killed Maurice
 11717 | D:10     | Reached skill level 11 in Stealth
 12278 | D:9      | Reached skill level 12 in Short Blades
 12278 | D:9      | Reached skill level 10 in Dodging
 12299 | D:9      | HP: 8/64 [very large slime creature (52)]
 12383 | Lair:1   | Entered Level 1 of the Lair of Beasts
 13245 | Lair:1   | Reached skill level 13 in Short Blades
 13245 | Lair:1   | Reached skill level 11 in Dodging
 13294 | Lair:1   | You pick up a book of Geomancy and begin reading...
 13294 | Lair:1   | You add the spells Sandblast, Passwall and Stone Arrow to
                  | your library.
 13398 | Lair:1   | You add the spells Borgnjor's Revivification, Necromutation
                  | and Death's Door to your library.
 13641 | Lair:1   | You pick up a book of Party Tricks and begin reading...
 13641 | Lair:1   | You add the spells Apportation and Alistair's Intoxication
                  | to your library.
 13995 | Lair:2   | Noticed Sonja
 13999 | Lair:2   | Killed Sonja
 14000 | Lair:2   | Reached skill level 14 in Short Blades
 14052 | Lair:2   | Reached skill level 1 in Evocations
 14269 | Lair:2   | Reached skill level 2 in Evocations
 14277 | Lair:2   | Reached XP level 12. HP: 71/71 MP: 15/15
 14486 | Lair:2   | Noticed a six-headed hydra
 14490 | Lair:2   | Killed a six-headed hydra
 14511 | Lair:2   | Reached skill level 4 in Armour
 14513 | Lair:2   | Reached skill level 7 in Fighting
 14708 | Lair:2   | Noticed Fannar
 14716 | Lair:2   | Killed Fannar
 14717 | Lair:2   | Reached skill level 12 in Stealth
 14738 | Lair:2   | You pick up a book of Spatial Translocations and begin
                  | reading...
 14778 | Lair:2   | Reached skill level 1 in Shields
 15170 | Lair:3   | Noticed Nergalle
 15183 | Lair:3   | Killed Nergalle
 15184 | Lair:3   | Reached skill level 12 in Dodging
 15278 | Lair:3   | Reached skill level 2 in Shields
 15427 | Lair:3   | Reached skill level 8 in Fighting
 15427 | Lair:3   | Reached skill level 5 in Armour
 15509 | Lair:3   | Found a hole to the Spider Nest.
 15555 | Lair:3   | Noticed a five-headed hydra
 15563 | Lair:3   | Killed a five-headed hydra
 15564 | Lair:3   | Reached skill level 13 in Stealth
 15564 | Lair:3   | Reached skill level 3 in Shields
 15685 | Lair:3   | Reached XP level 13. HP: 72/78 MP: 12/16
 15705 | Lair:3   | Reached ****** piety under Uskayaw
 15950 | Lair:3   | Found a staircase to the Shoals.
 16268 | Lair:3   | Noticed Gastronok
 16292 | Lair:3   | Killed Gastronok
 16640 | Lair:4   | Reached skill level 13 in Dodging
 16643 | Lair:4   | Reached skill level 9 in Fighting
 16684 | Lair:4   | Reached skill level 14 in Stealth
 17250 | Lair:4   | Reached skill level 10 in Fighting
 17438 | Lair:4   | Reached skill level 14 in Dodging
 17478 | Lair:5   | Entered Level 5 of the Lair of Beasts
 17478 | Lair:5   | Noticed a five-headed hydra
 18132 | Lair:5   | You pick up a book of Death and begin reading...
 18132 | Lair:5   | You add the spells Animate Dead, Haunt and Infestation to
                  | your library.
 18344 | Lair:5   | Found a transporter.
 18360 | Lair:5   | You pick up a book of the Wilderness and begin reading...
 18360 | Lair:5   | You add the spells Summon Forest, Summon Mana Viper and
                  | Summon Cactus Giant to your library.
 18370 | Lair:5   | Found a transporter.
 18373 | Lair:5   | Noticed Valamore's ghost (journeyman TeAE)
 18527 | Lair:4   | Killed a five-headed hydra
 18528 | Lair:4   | Reached skill level 6 in Invocations
 18528 | Lair:4   | Reached skill level 3 in Evocations
 18699 | Lair:5   | Found a runed translucent door.
 18699 | Lair:5   | Found a viscous altar of Jiyva.
 18699 | Lair:5   | Found a staircase to the Slime Pits.
 18699 | Lair:5   | Noticed an azure jelly
 18699 | Lair:5   | Noticed an azure jelly
 18699 | Lair:5   | Noticed an azure jelly
 18934 | Lair:5   | Reached XP level 14. HP: 88/88 MP: 18/18
 19428 | Lair:5   | Reached skill level 7 in Invocations
 19428 | Lair:5   | Reached skill level 4 in Evocations
 19526 | Lair:5   | Reached skill level 4 in Shields
 20565 | D:9      | Noticed Grum
 20592 | D:9      | Killed Grum
 20691 | D:9      | Reached skill level 8 in Invocations
 20815 | D:9      | Found a stormy altar of Qazlal.
 20993 | D:9      | Found a runed translucent gate.
 20994 | D:9      | Found a runed translucent gate.
 20996 | D:9      | Found a runed translucent gate.
 20997 | D:9      | Noticed porpoise's ghost (novice DsGl)
 21330 | D:10     | Reached skill level 5 in Evocations
 21491 | D:10     | Found a glowing golden altar of the Shining One.
 21652 | D:10     | Got the Precepts of the Transposed Glacier
 22162 | D:11     | Reached skill level 11 in Fighting
 22325 | D:11     | You pick up a book of Lightning and begin reading...
 22325 | D:11     | You add the spells Static Discharge, Lightning Bolt,
                  | Arcjolt and Maxwell's Capacitive Coupling to your library.
 22794 | D:11     | Reached skill level 9 in Invocations
 23326 | D:12     | Reached skill level 15 in Dodging
 23326 | D:12     | Reached skill level 5 in Shields
 23390 | D:12     | Identified a scroll of acquirement
 23395 | D:12     | Acquired a +1 quick blade of freezing
 23396 | D:12     | N - a +1 quick blade of freezing {shortrare=g}
 23397 | D:12     | N - a +1 quick blade of freezing {shortrare=g}
 23397 | D:12     | b - a +1 quick blade of freezing {shortrare=g}
 23397 | D:12     | your +1 quick blade of freezing {shortrare=g} glows with a
                  | cold blue light!
 23397 | D:12     | b - a +1 quick blade of freezing (weapon) {shortrare=g}
 23398 | D:12     | your +1 quick blade of freezing {shortrare=g} stops
                  | glowing.
 23399 | D:12     | your +1 quick blade of freezing {shortrare=g} glows with a
                  | cold blue light!
 23399 | D:12     | b - a +1 quick blade of freezing (weapon) {shortrare=g}
 23400 | D:12     | your +1 quick blade of freezing {shortrare=g} stops
                  | glowing.
 23734 | D:12     | your +1 quick blade of freezing {shortrare=g} glows with a
                  | cold blue light!
 23734 | D:12     | b - a +1 quick blade of freezing (weapon) {shortrare=g}
 23979 | D:12     | your +1 quick blade of freezing {shortrare=g} stops
                  | glowing.
 24043 | D:12     | your +1 quick blade of freezing {shortrare=g} glows with a
                  | cold blue light!
 24043 | D:12     | b - a +1 quick blade of freezing (weapon) {shortrare=g}
 24221 | D:13     | your +1 quick blade of freezing {shortrare=g} stops
                  | glowing.
 24373 | D:13     | HP: 16/90 [meliai/divine providence (13)]
 24379 | D:13     | HP: 22/90 [meliai/divine providence (14)]
 24384 | D:13     | HP: 19/90 [poisoned by a meliai]
 24719 | D:13     | Noticed Kirke
 24721 | D:13     | Reached skill level 10 in Invocations
 24721 | D:13     | Reached XP level 15. HP: 58/95 MP: 22/22
 24736 | D:13     | Killed Kirke
 24778 | D:13     | HP: 13/96 [deep elf zephyrmancer/bolt of lightning (24)]
 24779 | D:13     | Mangled by an orc warrior

Vanquished Creatures
  Gastronok (Lair:3)
  Kirke (D:13)
  Fannar (Lair:2)
  5 hydras
  An ogre mage (D:13)
  3 centaur warriors (D:13)
  5 two-headed ogres
  6 death yaks
  Sonja (Lair:2)
  Nergalle (Lair:3)
  A deep elf archer (D:13)
  An orc knight (D:13)
  Pikel (D:5)
  A deep elf zephyrmancer (D:13)
  A deep elf pyromancer (D:13)
  2 cyclopes (D:12)
  An ugly thing (D:10)
  A manticore (D:11)
  Maurice (D:10)
  8 elephants
  5 black mambas
  A merfolk siren (Lair:3)
  A molten gargoyle (Lair:5)
  A torpor snail (Lair:4)
  7 cane toads
  9 komodo dragons
  A kobold demonologist (D:13)
  Psyche (D:9)
  2 rime drakes (Lair:3)
  3 meliai (D:13)
  Grinder (D:5)
  3 polar bears
  4 dream sheep
  19 blink frogs
  4 slime creatures
  A wraith (D:11)
  Grum (D:9)
  2 steam dragons
  6 wyverns
  3 basilisks
  44 yaks
  A human (shapeshifter) (D:13)
  A hog (D:13)
  10 vampire mosquitoes
  15 water moccasins
  An acid dragon (D:11)
  2 orc warriors
  3 black bears
  5 ice beasts
  4 ogres
  A sky beast (D:8)
  18 wolves
  8 centaurs
  2 lemures (D:4)
  A phantom (D:5)
  2 kobold brigands (D:9)
  Blork the orc (D:4)
  6 bullfrogs
  3 gnoll sergeants
  A necrophage (D:7)
  8 scorpions
  5 wights (D:8)
  2 jellies
  16 killer bees
  9 howler monkeys
  A gnoll bouda (D:6)
  10 orc priests
  5 hounds
  Jessica (D:2)
  3 iguanas
  12 orc wizards
  27 gnolls
  10 adders
  A shadow imp (D:6)
  A white imp (D:8)
  An ufetubus (D:7)
  4 worms (D:5)
  3 dart slugs
  48 orcs
  6 bats
  7 endoplasms
  11 giant cockroaches
  4 goblins
  2 hobgoblins
  4 jackals (D:2)
  3 quokkas
  8 ball pythons
  2 frilled lizards
  12 kobolds
  5 rats
478 creatures vanquished.

Vanquished Creatures (others)
  2 humans (D:13)
  An orc wizard (D:13)
  17 fungi
  23 plants
43 creatures vanquished.

Grand Total: 521 creatures vanquished

Table legend:
 A = Non-vault XP
 B = Vault XP
 C = Vault XP percentage of total XP
 D = Non-vault monster count
 E = Vault monster count
 F = Vault count percentage of total count
                 A         B        C        D         E       F
            +---------+---------+-------+---------+---------+-------
      Total |   59410 |   19702 |  24.9 |     398 |      78 |  16.4
            +---------+---------+-------+---------+---------+-------
        D:1 |      37 |       8 |  17.8 |      14 |       4 |  22.2
        D:2 |      77 |      51 |  39.8 |      22 |       8 |  26.7
        D:3 |      78 |       0 |   0.0 |      12 |       0 |   0.0
        D:4 |     659 |      96 |  12.7 |      28 |       1 |   3.4
        D:5 |    1011 |     915 |  47.5 |      26 |       7 |  21.2
        D:6 |     756 |       0 |   0.0 |      26 |       0 |   0.0
        D:7 |    1124 |       0 |   0.0 |      19 |       0 |   0.0
        D:8 |    2043 |       0 |   0.0 |      24 |       0 |   0.0
        D:9 |    1592 |    1051 |  39.8 |      32 |      13 |  28.9
       D:10 |    3013 |     480 |  13.7 |      23 |       1 |   4.2
       D:11 |    5565 |       0 |   0.0 |      23 |       0 |   0.0
       D:12 |    3743 |       0 |   0.0 |      16 |       0 |   0.0
       D:13 |    3647 |    7853 |  68.3 |      12 |      17 |  58.6
     Lair:1 |    2407 |       0 |   0.0 |       9 |       0 |   0.0
     Lair:2 |    6085 |    1656 |  21.4 |      25 |       2 |   7.4
     Lair:3 |    5459 |    4955 |  47.6 |      20 |      17 |  45.9
     Lair:4 |   10665 |       0 |   0.0 |      32 |       0 |   0.0
     Lair:5 |   11449 |    2637 |  18.7 |      35 |       8 |  18.6
            +---------+---------+-------+---------+---------+-------

Illustrated notes

Table legend:
 A = Kills in this place as a percentage of kills in entire the game.
 B = Kills by you in this place as a percentage of kills by you in the entire game.
 C = Kills by friends in this place as a percentage of kills by friends in the entire game.
 D = Other kills in this place as a percentage of other kills in the entire game.
 E = Experience gained in this place as a percentage of experience gained in the entire game.
 F = Experience gained in this place divided by the number of levels of this place that you have seen.
                   A       B       C       D       E      F
               +-------+-------+-------+-------+-------+----------------------
         Total | 100.0 | 100.0 |   N/A | 100.0 | 100.0 | 4163.8
       Dungeon |  68.9 |  68.8 |   N/A | 100.0 |  42.7 | 2599.9
          Lair |  31.1 |  31.2 |   N/A |   0.0 |  57.3 | 9062.6
               +-------+-------+-------+-------+-------+----------------------

Table legend: (Time is in decaauts)
 A = Elapsed time spent in this place.
 B = Non-inter-level travel time spent in this place.
 C = Inter-level travel time spent in this place.
 D = Time resting spent in this place.
 E = Time spent auto-exploring this place.
 F = Levels seen in this place.
 G = Mean time per level.
                   A        B        C        D        E       F      G
               +--------+--------+--------+--------+--------+-----+--------+
         Total |  24108 |  22361 |   1747 |   5597 |  11849 |  19 | 1268.8 |
       Dungeon |  17015 |  15663 |   1352 |   3761 |   8699 |  13 | 1308.8 |
        Temple |     20 |     10 |     10 |      0 |      1 |   1 |   20.0 |
          Lair |   7071 |   6687 |    384 |   1835 |   3149 |   5 | 1414.2 |
               +--------+--------+--------+--------+--------+-----+--------+

Top non-repeatable levels by time:
     D:5: 2094 daAuts
     D:4: 1956 daAuts
  Lair:4: 1825 daAuts
  Lair:5: 1823 daAuts
     D:9: 1654 daAuts
     D:8: 1647 daAuts
     D:1: 1479 daAuts
  Lair:3: 1430 daAuts
     D:6: 1409 daAuts
     D:2: 1403 daAuts
  Lair:2: 1224 daAuts
    D:10: 1190 daAuts
    D:12: 998 daAuts
     D:3: 966 daAuts
    D:11: 859 daAuts
